 Seeded DCSS version 0.29.1-13-g9f3cf754e1 (webtiles) character file.

Game seed: 18334199546629406935 (custom seed)

2207 mathmaestro the Merchant of Misery (level 9, -15/70 HPs)
             Began as a Demonspawn Necromancer on Jan 24, 2023.
             Was a Believer of Kikubaaqudgha.
             Demolished by an orc warlord
             ... wielding a +6 battleaxe
              (30 damage)
             ... in a bailey.
             The game lasted 00:16:17 (6776 turns).

mathmaestro the Merchant of Misery (DsNe)           Turns: 6776, Time: 00:16:18

Health: -15/70     AC: 13    Str: 15    XL:     9   Next: 13%
Magic:  7/16       EV: 14    Int: 20    God:    Kikubaaqudgha [**....]
Gold:   445        SH:  0    Dex: 14    Spells: 4/18 levels left

rFire   . . .      SeeInvis .   m - +4 flail (protect)
rCold   . . .      Faith    .   (no shield)
rNeg    . . .      Spirit   .   a - +0 robe
rPois   .          Reflect  .   (helmet restricted)
rElec   .          Harm     .   t - +0 cloak
rCorr   .          Rampage  .   l - +0 pair of gloves
Will    .....                   E - +0 pair of boots
Stlth   +++.......              (no amulet)
HPRegen 0.21/turn               g - +6 ring of strength
MPRegen 0.30/turn               j - ring of flight

@: under a protective aura, flying, very slightly contaminated, slowed, very
slow
A: antennae 1, rugged brown scales 1, powered by death 2, magic regeneration
a: Renounce Religion, Unearth Wretches


You were in a bailey.
You worshipped Kikubaaqudgha.
Kikubaaqudgha was pleased with you.
You visited 1 branch of the dungeon, and saw 7 of its levels.
You also visited: Sewer and Bailey.

You collected 445 gold pieces.

Inventory:

Hand Weapons
 m - a +4 flail of protection (weapon)
 G - a +1 hand axe of electrocution
Missiles
 B - 4 javelins
 H - 10 boomerangs
Armour
 a - a +0 robe (worn)
 l - a +0 pair of gloves (worn)
 t - a +0 cloak (worn)
 E - a +0 pair of boots (worn)
Jewellery
 g - a +6 ring of strength (left hand)
 j - a ring of flight (right hand)
 F - a ring of protection from cold
Scrolls
 f - 3 scrolls of immolation
 k - 5 scrolls of teleportation
 n - 2 scrolls of magic mapping
 o - 5 scrolls of fog
 p - a scroll of blinking
 r - 2 scrolls of fear
 x - a scroll of amnesia {unknown}
 y - 2 scrolls of enchant armour {unknown}
 A - a scroll of enchant weapon {unknown}
 D - a scroll of noise {unknown}
 I - a scroll of summoning {unknown}
Potions
 b - a potion of magic
 c - 4 potions of curing
 d - 3 potions of attraction {unknown}
 e - 3 potions of lignification {unknown}
 h - 4 potions of haste {unknown}
 i - 3 potions of might
 q - a potion of flight {unknown}
 s - 3 potions of degeneration {unknown}
 u - 4 potions of heal wounds {unknown}
 v - a potion of cancellation {unknown}
 w - 3 potions of mutation {unknown}
 z - 4 potions of invisibility {unknown}
 C - a potion of berserk rage {unknown}
 J - a potion of resistance {unknown}


   Skills:
 + Level 5.0 Fighting
 - Level 5.0 Dodging
 - Level 5.0 Stealth
 + Level 5.2 Spellcasting
 + Level 3.5 Hexes
 + Level 7.2 Necromancy


You had 4 spell levels left.
You knew the following spells:

 Your Spells              Type           Power      Damage    Failure   Level
a - Necrotise             Necr           100%       1d9       1%          1
b - Vampiric Draining     Necr           34%        2d8       1%          3
c - Animate Dead          Necr           34%        N/A       6%          4
d - Anguish               Hex/Necr       13%        N/A       12%         4
e - Sublimation of Blood  Necr           34%        N/A       1%          2

Your spell library contained the following spells:

 Spells                   Type           Power      Damage    Failure   Level
 Slow                     Hex            76%        N/A       2%          1
 Confusing Touch          Hex            19%        N/A       8%          3
 Blink                    Tloc           10%        N/A       17%         2
 Lesser Beckoning         Tloc           5%         N/A       34%         3
 Petrify                  Tmut/Erth      5%         N/A       75%         4
 Agony                    Necr           34%        N/A       16%         5
 Metabolic Englaciation   Hex/Ice        6%         N/A       83%         5
 Manifold Assault         Tloc           5%         N/A       97%         5
 Statue Form              Tmut/Erth      3%         N/A       100%        6


Dungeon Overview and Level Annotations

Branches:
Dungeon (7/15)             Temple (0/1) D:7           Sewer (visited)
 Bailey (1/1)

Altars:
Kikubaaqudgha

Annotations:
D:4 1 runed translucent door, KittyFluff's ghost, novice GrBe


Innate Abilities, Weirdness & Mutations

You have a pair of small antennae on your head.
You are partially covered in rugged brown scales. (AC +1, +3% HP)
You regenerate health from kills.
You regenerate magic rapidly.


Message History

Your reserves of magic are already full.
Casting: Necrotise (safe; 1% risk of failure)
Confirm with . or Enter, or press ? or * to list all spells.
Casting: Anguish (dangerous; 12% risk of failure)
Press: ? - help, Dir - look around, f - activate You miscast Anguish.
You are very lightly contaminated with residual magic.
Multicoloured lights dance before your eyes.
You feel yourself slow down. The orc warlord completely misses you.
The orc warlord hits your orc warrior zombie with a +6 battleaxe!!
Your orc warrior zombie is destroyed!
Unknown command.
Casting: Anguish (dangerous; 12% risk of failure)
Confirm with . or Enter, or press ? or * to list all spells.
Casting: Anguish (dangerous; 12% risk of failure)
Press: ? - help, Dir - look around, f - activate The orc warlord is haunted by guilt!
The orc warlord hits you with a +6 battleaxe!
The orc warlord hits your goblin zombie with a +6 battleaxe!!
Your goblin zombie is destroyed!
The orc warlord is wracked by anguish!
The orc warlord completely misses you.
Unknown command.
You hit the orc warlord.
Your weapon exudes an aura of protection.
The orc warlord is lightly wounded.
The orc warlord hits you with a +6 battleaxe!!
The orc warlord is wracked by anguish!!
The orc warlord hits you with a +6 battleaxe!!
* * * LOW HITPOINT WARNING * * *
The orc warlord is wracked by anguish!!
Casting: Anguish (dangerous; 12% risk of failure)
Confirm with . or Enter, or press ? or * to list all spells.
Aiming: Vampiric Draining (safe; 1% risk of failure)
Press: ? - help, Shift-Dir - straight line, f - orc warlord
Aim: an orc warlord, wielding a +6 battleaxe and wearing a +0 plate armour (severely wounded, anguished)
You draw life force from the orc warlord!
You feel life coursing into your body!
The orc warlord hits you with a +6 battleaxe!!
You die...
Kikubaaqudgha rasps: "You have failed me!
Welcome... death!"

♣∩...~~~Z# ...∩.. #.~~~...∩♣
♣♣...~~~Z#~.........~#.~~~...♣
♣...~~~.#~~.8...8.~ #.~~)...♣
♣♣..###'###.......###'###).♣♣
♣.##...)#~.8...8.~#....##.♣
♣##..)))#~~~~~~~~~#.....##♣
##......####~~~####......##
#...8......#o''#......8...#
#...........@.............#
#..................)......#
##..8..8..)........8..8..##
##.......#######.......##
##.....## ##.....## ##...##
##...## ##### #####


You could see an orc warlord (anguished).

Vanquished Creatures
  Sigmund (D:6)
  A wyvern (D:6)
  A water moccasin (D:7)
  An orc warrior (Bailey)
  An ice beast (D:6)
  A sky beast (D:7)
  2 ogres
  A black bear (D:5)
  A phantom (D:5)
  4 bullfrogs
  2 hounds (D:5)
  A jelly (D:4)
  An iguana (D:6)
  An orc wizard (D:5)
  11 gnolls
  A river rat (Sewer)
  8 adders
  2 shadow imps (D:6)
  2 white imps (D:6)
  4 ufetubi
  2 worms
  2 dart slugs
  23 orcs
  9 endoplasms
  2 giant cockroaches
  7 goblins
  5 hobgoblins
  3 quokkas
  15 ball pythons
  4 bats
  A frilled lizard (Sewer)
  9 kobolds
  21 rats
150 creatures vanquished.

Vanquished Creatures (collateral kills)
  An orc warrior (Bailey)
  An adder (Sewer)
  5 ball pythons
  A frilled lizard (Sewer)
  7 rats
15 creatures vanquished.

Vanquished Creatures (others)
  A troll (D:5)
  An orc warrior (Bailey)
  A ball python zombie (Sewer)
  A goblin zombie (Bailey)
  A hobgoblin zombie (Bailey)
  4 orc zombies
  3 demonic plants (D:6)
12 creatures vanquished.

Grand Total: 177 creatures vanquished

Notes
Turn   | Place    | Note
-------+----------+-------------------------------------------
     0 | D:1      | mathmaestro the Demonspawn Necromancer began the quest for
                  | the Orb.
     0 | D:1      | Reached XP level 1. HP: 13/13 MP: 3/3
   545 | D:1      | Gained mutation: You are partially covered in rugged brown
                  | scales. (AC +1, +3% HP) [demonic ancestry]
   545 | D:1      | Reached XP level 2. HP: 14/20 MP: 0/5
  1380 | D:2      | Reached skill level 1 in Fighting
  1380 | D:2      | Reached XP level 3. HP: 26/26 MP: 0/6
  1970 | D:2      | Gained mutation: You have a pair of small antennae on your
                  | head. [demonic ancestry]
  1970 | D:2      | Reached XP level 4. HP: 32/32 MP: 1/7
  2050 | D:2      | Learned a level 3 spell: Vampiric Draining
  2055 | D:2      | Learned a level 4 spell: Animate Dead
  2093 | D:3      | Found a glowing drain.
  2152 | D:3      | Found a faded altar of an unknown god.
  2179 | Sewer    | Entered a sewer
  2529 | Sewer    | Reached skill level 5 in Necromancy
  2529 | Sewer    | Reached XP level 5. HP: 30/39 MP: 4/9
  2623 | Sewer    | Gained mutation: You regenerate magic rapidly. [demonic
                  | ancestry]
  2623 | Sewer    | Reached XP level 6. HP: 24/47 MP: 6/10
  3451 | D:4      | Found an ancient bone altar of Kikubaaqudgha.
  3461 | D:4      | Became a worshipper of Kikubaaqudgha
  3625 | D:4      | You are sucked into a shaft and drop 2 floors!
  3629 | D:6      | Noticed Sigmund
  3636 | D:5      | Entered Level 5 of the Dungeon
  4019 | D:5      | Gained mutation: You regenerate a little health from kills.
                  | [demonic ancestry]
  4019 | D:5      | Reached XP level 7. HP: 50/53 MP: 12/12
  4436 | D:4      | Found a runed translucent door.
  4451 | D:4      | Noticed KittyFluff's ghost (novice GrBe)
  5102 | D:5      | Noticed a troll
  5156 | D:5      | Reached * piety under Kikubaaqudgha
  5156 | D:5      | Received a gift from Kikubaaqudgha
  5166 | D:5      | Reached skill level 6 in Necromancy
  5175 | D:5      | Learned a level 4 spell: Anguish
  5244 | D:5      | Killed a troll
  5245 | D:5      | Reached skill level 1 in Hexes
  5412 | D:5      | Learned a level 2 spell: Sublimation of Blood
  5700 | D:6      | Reached XP level 8. HP: 54/61 MP: 8/14
  6226 | D:6      | Killed Sigmund
  6459 | D:7      | Reached skill level 5 in Stealth
  6463 | D:7      | Found a flagged portal.
  6473 | D:7      | Reached skill level 5 in Spellcasting
  6473 | D:7      | Reached skill level 7 in Necromancy
  6488 | Bailey   | Entered a bailey
  6515 | Bailey   | Noticed an orc warlord
  6529 | Bailey   | Reached ** piety under Kikubaaqudgha
  6570 | Bailey   | Gained mutation: You regenerate health from kills. [demonic
                  | ancestry]
  6570 | Bailey   | Reached XP level 9. HP: 21/69 MP: 5/16
  6586 | Bailey   | Found a runed translucent gate.
  6588 | Bailey   | Found a runed translucent gate.
  6617 | Bailey   | Found a runed translucent gate.
  6635 | Bailey   | Reached skill level 5 in Fighting
  6635 | Bailey   | Reached skill level 5 in Dodging
  6776 | Bailey   | Demolished by an orc warlord

Illustrated notes

Levels and vault maps discovered:
D:1:      shiori_shiawase, layout_loops_ring, st_stairs_7
D:2:      layout_basic, minmay_large_rounded_square
D:3:      layout_basic, portal_sewer_entry_a, hellmonk_ecumenical_altar_blasted
D:4:      layout_loops_corners, kiku_gazebo_garden_becter, ebering_ghost_sewer_d
D:5:      layout_basic
D:6:      layout_cave_pools, serial_demonic, serial_demonic_b, serial_demonic_c,
          serial_demonic_d, serial_demonic_g, uniq_sigmund
D:7:      layout_basic, lemuel_coloured_pillars_altar,
          minmay_temple_entry_mini_moons, enter_bailey_2
Bailey:   bailey_axe_bossmonster_kennysheep, bailey

Skill      XL: |  1  2  3  4  5  6  7  8  9 |
---------------+----------------------------+-----
Stealth        | 2 3 4 5 |  5.0
Dodging        | 2 3 4 5 |  5.0
Fighting       | 1 2 3 4 5 |  5.0
Necromancy     | 5 6 7 |  7.2
Spellcasting   | 3 4 5 |  5.2
Hexes          | 1 3 |  3.5

Action                   |  1- 3 |  4- 6 |  7- 9 || total
-------------------------+-------+-------+-------++-------
Melee: Whip              |    24 |       |       ||    24
       Flail             |     5 |    73 |   112 ||   190
       Punch             |       |     1 |     1 ||     2
 Cast: Necrotise         |    51 |    46 |    53 ||   150
       Vampiric Draining |       |     9 |    22 ||    31
       Animate Dead      |       |     1 |     2 ||     3
       Anguish           |       |       |     4 ||     4
       Sublimation of Bl |       |       |     1 ||     1
  Use: Scroll            |       |     7 |     3 ||    10
 Stab: Sleeping          |       |     6 |     3 ||     9
Armor: Robe              |     5 |    48 |    56 ||   109
Dodge: Dodged            |    20 |    74 |   137 ||   231
